 Dungeon Crawl Stone Soup version 0.29.1-1-gd02db6906a (webtiles) character file.

Game seed: 5046271869129828498

206726 wingedge the Impaler (level 18, 0/160 HPs)
             Began as a Merfolk Gladiator on Sept 14, 2022.
             Was a High Priest of Ashenzari.
             Constricted to death by a shambling mangrove (14 damage)
             ... on level 1 of the Swamp on Sept 16, 2022.
             The game lasted 04:39:44 (49408 turns).

wingedge the Impaler (Merfolk Gladiator)           Turns: 49408, Time: 04:39:45

Health: 0/160      AC: 25    Str: 25      XL:     18   Next: 72%
Magic:  32/36      EV: 14    Int: 10      God:    Ashenzari [*****.]
Gold:   1721       SH:  5    Dex: 21 (22) Spells: 11/45 levels left

rFire   . . .      SeeInvis +   a - +1 halberd of Ashenzari's Soothsayer {spect, Fly Stlth+, Comp, Alch} (curse)
rCold   + . .      Faith    .   (shield currently unavailable)
rNeg    + . .      Spirit   .   D - +8 chain mail "Eternal Seeker" {rPois rN+ Will- Dex+6, Fort, Alch} (curse)
rPois   +          Reflect  +   A - +0 hat "Prescient Doubts" {Will+, Self, Bglg} (curse)
rElec   .          Harm     .   E - scarf of the Eye in the Sky {shadows, Alch, Bglg} (curse)
rCorr   +          Rampage  .   X - +2 pair of gloves of Ashenzari's Malaise {Range, Self} (curse)
Will    ++...      Clarity  +   Q - +2 pair of boots "Lashed Gnosis" {Self, Bglg} (curse)
Stlth   ++........              O - amulet "Chained Together" {Reflect SH+5, Alch, Bglg} (curse)
HPRegen 0.36/turn               r - ring of the Manifest Moon {rC+ Will+ rCorr, Melee, Range} (curse)
MPRegen 0.25/turn               l - +6 ring of strength

@: grasped by roots, flying, very slightly contaminated, hasted, constricted,
very quick
A: (nimble swimmer 2), mertail, berserk 1, deterioration 1
}: 1/15 runes: decaying
a: Renounce Religion, Curse Item, Shatter the Chains


You were on level 1 of the Swamp.
You worshipped Ashenzari.
Ashenzari was extremely pleased with you.
You visited 6 branches of the dungeon, and saw 31 of its levels.

You collected 3398 gold pieces.
You spent 1677 gold pieces at shops.

Inventory:

Hand Weapons
 a - the cursed +1 halberd of Ashenzari's Soothsayer (weapon) {spect, Fly Stlth+, Comp, Alch}
   (You found it on level 15 of the Dungeon)

   When its wielder attacks, the weapon's spirit leaps out and strikes again.
   The spirit shares a part of any damage it takes with its wielder.
   Fly:       It grants you flight.
   Stlth:     It makes you more stealthy.
   It has a curse which improves the following skills: Companions: Summonings
   and Necromancy.
   Alchemy:   Poison Magic and Transmutations.
 b - a +2 trident of venom
 U - a +3 trident
Missiles
 d - 4 throwing nets
 K - 12 javelins (quivered)
 T - 19 curare-tipped darts
 Y - 5 silver javelins
Armour
 g - a +1 kite shield of reflection
 A - the cursed +0 hat "Prescient Doubts" (worn) {Will+, Self, Bglg}
   (You took it off Gastronok on level 8 of the Dungeon)

   It has a curse which improves the following skills: Introspection: Fighting
   and Spellcasting.
   Beguiling: Conjurations, Hexes and Translocations.
 D - the cursed +8 chain mail "Eternal Seeker" (worn) {rPois rN+ Will- Dex+6, Fort, Alch}
   (You found it on level 2 of the Swamp)

   Dex:       It affects your dexterity (+6).
   rPois:     It protects you from poison.
   rN:        It protects you from negative energy.
   Will:      It decreases your willpower.
   It has a curse which improves the following skills: Fortitude: Armour and
   Shields.
   Alchemy:   Poison Magic and Transmutations.
 E - the cursed scarf of the Eye in the Sky (worn) {shadows, Alch, Bglg}
   (You found it on level 5 of the Dungeon)

   It has a curse which improves the following skills: Alchemy: Poison Magic and
   Transmutations.
   Beguiling: Conjurations, Hexes and Translocations.
 M - a +1 helmet
 Q - the cursed +2 pair of boots "Lashed Gnosis" (worn) {Self, Bglg}
   (You bought it in a shop on level 12 of the Dungeon)

   It has a curse which improves the following skills: Introspection: Fighting
   and Spellcasting.
   Beguiling: Conjurations, Hexes and Translocations.
 X - the cursed +2 pair of gloves of Ashenzari's Malaise (worn) {Range, Self}
   (You found it on level 13 of the Dungeon)

   It has a curse which improves the following skills: Ranged Combat: Ranged
   Weapons and Throwing.
   Introspection: Fighting and Spellcasting.
Jewellery
 e - the ring of Giygg {+Blink rPois rF+ Slay-5 Stlth+}
   (You found it on level 1 of the Swamp)

   [ring of protection from fire]

   Slay:      It affects your accuracy & damage with ranged weapons and melee
   (-5).
   rF:        It protects you from fire.
   rPois:     It protects you from poison.
   +Blink:    It lets you blink.
   Stlth:     It makes you more stealthy.
 f - a ring of protection from fire
 j - a ring of flight
 l - a +6 ring of strength (right hand)
 r - the cursed ring of the Manifest Moon (left hand) {rC+ Will+ rCorr, Melee, Range}
   (You bought it in a shop on level 2 of the Orcish Mines)

   [ring of protection from cold]

   rC:        It protects you from cold.
   rCorr:     It protects you from acid and corrosion.
   Will:      It increases your willpower.
   It has a curse which improves the following skills: Melee Combat: Short
   Blades, Long Blades, Axes, Maces & Flails, Polearms, Staves and Unarmed
   Combat.
   Ranged Combat: Ranged Weapons and Throwing.
 O - the cursed amulet "Chained Together" (around neck) {Reflect SH+5, Alch, Bglg}
   (You found it on level 8 of the Dungeon)

   [amulet of reflection]

   It reflects blocked missile attacks.
   SH:        It affects your SH (+5).
   It has a curse which improves the following skills: Alchemy: Poison Magic and
   Transmutations.
   Beguiling: Conjurations, Hexes and Translocations.
Wands
 u - a wand of quicksilver (8)
 B - a wand of polymorph (21)
 G - a wand of charming (10)
 N - a wand of digging (19)
 P - a wand of roots (2)
Scrolls
 c - 4 scrolls of magic mapping
 n - a scroll of brand weapon
 o - 12 scrolls of teleportation
 p - 3 scrolls of torment
 s - 3 scrolls of immolation
 w - 3 scrolls of silence
 x - 5 scrolls of amnesia
 y - a scroll of blinking
 z - 5 scrolls of butterflies
 C - 3 scrolls of poison
 J - 2 scrolls of fear
 L - 3 scrolls of vulnerability
 R - 2 scrolls of enchant weapon
 S - 2 scrolls of enchant armour
Potions
 h - 2 potions of cancellation
 k - 9 potions of lignification
 m - a potion of heal wounds
 q - 10 potions of curing
 t - 3 potions of ambrosia
 v - 3 potions of might
 F - 6 potions of flight
 H - 6 potions of attraction
 I - 4 potions of brilliance
 V - a potion of resistance
Miscellaneous
 i - a condenser vane
 Z - a box of beasts


   Skills:
 - Level 14.5(19.0) Fighting
 + Level 16.3(18.5) Polearms
 - Level 7.4(11.0) Throwing
 - Level 5.7(8.0) Armour
 - Level 14.0 Dodging
 - Level 9.0 Stealth
 - Level 9.5(14.0) Spellcasting
 - Level 4.9(10.0) Conjurations
 - Level 15.6(21.0) Hexes
 - Level 4.0(6.1) Necromancy
 - Level 14.5(20.0) Transmutations
 - Level 5.4 Ice Magic
 - Level 1.0 Earth Magic
 - Level 4.1(9.0) Poison Magic


You had 11 spell levels left.
You knew the following spells:

 Your Spells              Type           Power      Damage    Failure   Level
a - Confusing Touch       Hex            49%        N/A       1%          3
b - Yara's Violent Unrav  Hex/Tmut       24%        3d11      1%          5
c - Irradiate             Conj/Tmut      18%        3d17      3%          5
d - Fulminant Prism       Conj/Hex       19%        3d11      1%          4
e - Alistair's Intoxicat  Tmut/Pois      24%        N/A       3%          5
f - Enfeeble              Hex            24%        N/A       8%          7
g - Dazzling Flash        Conj/Hex       76%        N/A       1%          3
h - Wereblood             Tmut           47%        N/A       1%          2

Your spell library contained the following spells:

 Spells                   Type           Power      Damage    Failure   Level
 Beastly Appendage        Tmut           94%        N/A       0%          1
 Sting                    Tmut/Pois      100%       1d8       1%          1
 Spider Form              Tmut/Pois      36%        N/A       1%          3
 Ice Form                 Ice/Tmut       32%        N/A       2%          4
 Necrotise                Necr           76%        1d7       4%          1
 Sublimation of Blood     Necr           19%        N/A       6%          2
 Petrify                  Tmut/Erth      28%        N/A       7%          4
 Poisonous Vapours        Pois/Air       32%        N/A       12%         2
 Olgreb's Toxic Radiance  Pois           25%        N/A       12%         4
 Frozen Ramparts          Ice            34%        1d6       17%         3
 Ozocubu's Armour         Ice            17%        N/A       17%         3
 Silence                  Hex/Air        14%        N/A       19%         5
 Eringya's Noxious Bog    Tmut/Pois      18%        N/A       21%         6
 Hailstorm                Conj/Ice       22%        3d7       22%         4
 Apportation              Tloc           16%        N/A       34%         1
 Dispel Undead            Necr           19%        3d11      38%         4
 Summon Small Mammal      Summ           28%        N/A       41%         1
 Iskenderun's Mystic Bla  Conj/Tloc      17%        2d5       47%         4
 Corpse Rot               Necr/Pois/Air  17%        N/A       54%         4
 Flame Wave               Conj/Fire      17%        2d7       54%         4
 Call Imp                 Summ           7%         N/A       56%         2
 Scorch                   Fire           14%        2d5       58%         2
 Gell's Gravitas          Tloc           8%         N/A       71%         3
 Teleport Other           Tloc           8%         N/A       71%         3
 Statue Form              Tmut/Erth      18%        N/A       71%         6
 Agony                    Necr           19%        N/A       75%         5
 Summon Ice Beast         Ice/Summ       12%        N/A       83%         4
 Borgnjor's Vile Clutch   Necr/Erth      7%         N/A       97%         5
 Death Channel            Necr           9%         N/A       99%         6
 Lee's Rapid Deconstruct  Erth           4%         3d6*      100%        5
 Dispersal                Tloc           4%         N/A       100%        6
 Simulacrum               Ice/Necr       9%         N/A       100%        6
 Summon Cactus Giant      Summ           3%         N/A       100%        6
 Ozocubu's Refrigeration  Ice            8%         4d9       100%        7


Dungeon Overview and Level Annotations

Branches:
Dungeon (15/15)            Temple (1/1) D:6            Lair (5/5) D:8
  Swamp (4/4) Lair:2        Snake (4/4) Lair:2        Slime (0/5) Lair:4
    Orc (2/2) D:12            Elf (0/3) Orc:2        Vaults (0/5) D:14
 Depths (0/4) D:15

Altars:
Ashenzari
Cheibriados
Dithmenos
Elyvilon
Fedhas
Gozag
Hepliaklqana
Kikubaaqudgha
Makhleb
Nemelex Xobeh
Okawaru
Qazlal
Ru
Sif Muna
Trog
Uskayaw
Vehumet
Wu Jian
Xom
Yredelemnul
Zin
The Shining One
Jiyva

Shops:
D:12 [   Orc:1 !?[   Orc:2 ?=((*

Annotations:
D:9 5 runed translucent doors
Swamp:1 1 transporter, ChrisAssaf's ghost, journeyman NaAr
Swamp:4 3 runed translucent doors, turdburglar's ghost, adept DsGl


Innate Abilities, Weirdness & Mutations

((You are very nimble when in or above water. (Stealth+, EV+, Speed+++)))
Your lower body shifts to a powerful aquatic tail in water.
You sometimes lose your temper in combat.
Your body sometimes deteriorates upon taking damage.


Message History

The spectral mist engulfs the spriggan rider but does no damage.
The spectral fenstrider witch is struck by the briar patch's thorns.
The spectral fenstrider witch hits the briar patch!
The spectral fenstrider witch kicks the briar patch.
The briar patch is destroyed!
The shambling mangrove is engulfed in spectral mist.
The spriggan rider is engulfed in spectral mist.
The thorn hunter is engulfed in spectral mist.
The thorn hunter hits you.
* * * LOW HITPOINT WARNING * * *
The thorn hunter misses you.
You feel yourself speed up.
You are engulfed in spectral mist.
* * * LOW HITPOINT WARNING * * *
The briar patch is engulfed in spectral mist.
The briar patch is destroyed!
The briar patch is engulfed in spectral mist.
The briar patch is destroyed!
The briar patch is engulfed in spectral mist.
The spriggan rider is engulfed in spectral mist.
The spriggan rider dies!
The hornet dies!
The shambling mangrove is engulfed in spectral mist.
The grasping roots constrict you.
* * * LOW HITPOINT WARNING * * *
The thorn hunter is engulfed in spectral mist.
The thorn hunter hits you.
* * * LOW HITPOINT WARNING * * *
The thorn hunter barely misses you.
The shambling mangrove is engulfed in spectral mist.
You feel much better.
You are engulfed in spectral mist.
* * * LOW HITPOINT WARNING * * *
The briar patch crumbles away.
ChrisAssaf's ghost hits you but does no damage.
The thorn hunter is engulfed in spectral mist.
The thorn hunter fires a volley of thorns at you.
The volley of thorns hits you!!
* * * LOW HITPOINT WARNING * * *
Your body deteriorates!
You feel clumsy.
The shambling mangrove is engulfed in spectral mist.
The grasping roots constrict you!
You die...

♣♣♣♣♣♣♣♣♣♣♣♣♣♣♣ ♣♣♣
♣♣♣♣♣♣♣♣♣♣♣♣♣♣♣♣♣♣♣
♣♣♣♣♣.♣.............♣♣♣♣
§♣♣♣.~...............♣♣♣♣
~~♣♣♣§...#########...♣♣♣♣
§.~♣.~..##©☼○P§○○##..♣♣♣♣
..~.....#8.#§..#@8#...♣♣♣
.♣~~....#...#Z#Wfn#...♣♣♣ ♣♣♣♣
♣♣......#.§☼☼ZtfZ☼#..~.♣♣ ♣♣♣♣
♣♣.~~~.©#.§..ftZi○#©.~♣♣♣ ♣♣♣♣.♣♣
♣)..~...#.○°°☼☼..P#...♣♣♣♣♣♣♣♣...
♣♣.~~~..#(.☼#§#.$?#...♣♣♣♣♣♣♣..~.
♣~....).#8Z#°○.#.8#...♣♣♣♣♣♣♣~♣~.
.~§.♣...##.......##...♣♣♣♣♣♣~~~♣.
♣.♣♣♣....#########...~♣♣♣♣♣♣§....


You could see a thorn hunter (misshapen), 2 shambling mangroves, 2 ghost crabs,
a spriggan air mage (repels missiles), a spectral spriggan berserker (summoned),
a spectral spriggan air mage (summoned), 3 spectral fenstrider witches, a bog
body and ChrisAssaf's ghost.

Vanquished Creatures
  the Lernaean hydra (Swamp:4)
  Vashnia (Snake:4)
  Jorgrun (Swamp:1)
  A tentacled monstrosity (Swamp:4)
  Asterion (Snake:1)
  Gastronok (D:8)
  Kirke (Lair:5)
  A nagaraja (Snake:3)
  3 ghouls
  8 bunyips
  2 eleionomae
  A dire elephant (Lair:5)
  2 minotaurs (D:13)
  A fire dragon (D:12)
  The ghost of croobank the Spry, a journeyman FeSu of Gozag (Snake:2)
  19 hydras
  2 ice dragons (D:15)
  5 boulder beetles
  A salamander tyrant (Snake:4)
  4 ghost crabs
  10 alligators
  4 centaur warriors
  8 anacondas
  Erica (D:11)
  3 catoblepae
  4 two-headed ogres
  Urug (Lair:1)
  9 naga warriors
  A deep troll shaman (Lair:5)
  3 orc high priests (Orc:2)
  A tengu warrior (D:13)
  11 naga sharpshooters
  23 death yaks
  8 shock serpents
  2 spriggan berserkers (Swamp:4)
  Sonja (Lair:5)
  Amaemon (D:9)
  A skeletal warrior (D:14)
  2 goliath frogs
  A salamander mystic (Snake:3)
  17 sea snakes
  5 naga ritualists
  4 bog bodies
  2 spriggan druids
  12 swamp dragons
  Pikel (D:4)
  A phantasmal warrior (D:12)
  6 orc knights
  2 deep elf pyromancers
  6 mana vipers
  10 ugly things
  8 salamanders
  4 orc sorcerers (Orc:2)
  3 cyclopes
  A manticore (D:12)
  2 will-o-the-wisps (Swamp:3)
  4 guardian serpents
  9 elephants (Lair:5)
  44 black mambas
  6 naga magi
  An orange demon (D:9)
  2 gargoyles
  3 centaur skeletons (D:14)
  7 cane toads
  A torpor snail (Lair:3)
  7 kobold demonologists
  A rime drake (Lair:3)
  An efreet (D:9)
  2 komodo dragons
  13 yaktaurs
  A yaktaur (shapeshifter) (D:13)
  Maggie (D:6)
  2 tengu conjurers
  2 bloated husks
  5 polar bears
  9 trolls
  14 hornets
  5 tyrant leeches
  4 slime creatures
  13 blink frogs
  3 dream sheep (Lair:3)
  21 spriggans
  Sigmund (D:6)
  A centaur simulacrum (D:12)
  3 wyverns
  3 basilisks
  A wraith (D:12)
  52 yaks
  4 steam dragons
  2 hogs
  11 vampire mosquitoes
  17 swamp worms
  2 wargs (Orc:1)
  22 nagas
  An acid dragon (D:9)
  8 water moccasins
  8 swamp drakes
  A black bear (D:7)
  23 orc warriors
  A sky beast (D:7)
  2 ice beasts
  6 ogres
  5 centaurs
  4 boggarts (D:15)
  5 phantoms
  10 wolves (Lair:5)
  7 kobold brigands
  Blork the orc (D:6)
  12 bullfrogs
  4 necrophages
  2 gnoll sergeants
  5 scorpions
  10 killer bees
  14 electric eels
  8 howler monkeys
  19 orc priests
  5 hounds
  3 gnoll boudas
  6 iguanas
  24 orc wizards
  9 hell rats
  Ijyb (D:4)
  A boggart skeleton (D:14)
  34 gnolls
  9 adders
  A shadow imp (D:5)
  A white imp (D:7)
  An ufetubus (D:7)
  A worm (D:4)
  3 dart slugs
  60 orcs
  3 ball pythons
  8 endoplasms
  2 giant cockroaches
  5 goblins
  7 hobgoblins
  13 jackals
  23 kobolds
  4 quokkas
  A bat (D:2)
  4 frilled lizards
  7 rats
  4 briar patches (Swamp:1)
  A butterfly (Lair:3)
  A fulminant prism (Lair:3)
934 creatures vanquished.

Vanquished Creatures (collateral kills)
  A spriggan (Swamp:2)
1 creature vanquished.

Vanquished Creatures (others)
  A hydra (Swamp:1)
  A goliath frog (Swamp:4)
  A spriggan druid (Swamp:3)
  A swamp dragon (Swamp:1)
  A manticore (D:12)
  A tengu conjurer (D:13)
  A bloated husk (Swamp:1)
  A hornet (Swamp:1)
  2 spriggans (Swamp:1)
  A yak (Lair:5)
  A human (Lair:5)
  A swamp worm (Swamp:1)
  A naga (Snake:1)
  A swamp drake (Swamp:4)
  A gnoll (D:13)
  9 briar patches (Swamp:1)
  A bush (Lair:5)
  18 foxfires
  92 fulminant prisms
  41 fungi
  45 plants
222 creatures vanquished.

Grand Total: 1157 creatures vanquished

Notes
Turn   | Place    | Note
-------+----------+-------------------------------------------
     0 | D:1      | wingedge the Merfolk Gladiator began the quest for the Orb.
     0 | D:1      | Reached XP level 1. HP: 16/16 MP: 1/1
    45 | D:1      | Reached skill level 1 in Stealth
   136 | D:1      | Reached XP level 2. HP: 23/23 MP: 2/2
   504 | D:1      | Found a faded altar of an unknown god.
   512 | D:1      | Prayed at the altar of an unknown god.
   512 | D:1      | Became a worshipper of Ashenzari the Shackled
   667 | D:1      | Reached XP level 3. HP: 29/29 MP: 3/3
  1159 | D:2      | Reached skill level 5 in Polearms
  1196 | D:2      | Reached XP level 4. HP: 35/35 MP: 4/4
  1491 | D:3      | You fall into a shaft and drop 3 floors!
  1491 | D:6      | Found a staircase to the Ecumenical Temple.
  1508 | D:5      | Entered Level 5 of the Dungeon
  1513 | D:5      | Reached XP level 5. HP: 41/41 MP: 5/5
  1520 | D:5      | Reached skill level 5 in Dodging
  1654 | D:5      | Noticed a phantom
  1731 | D:5      | Reached XP level 6. HP: 48/48 MP: 6/6
  1746 | D:4      | Reached * piety under Ashenzari
  1878 | D:4      | Noticed Ijyb
  1892 | D:4      | Killed Ijyb
  2324 | D:3      | Found a white marble altar of Elyvilon.
  2495 | D:3      | Reached ** piety under Ashenzari
  3047 | D:4      | Found a bloodstained altar of Trog.
  3111 | D:4      | Reached skill level 6 in Polearms
  3111 | D:4      | Reached XP level 7. HP: 48/54 MP: 7/7
  3251 | D:4      | Reached skill level 1 in Armour
  3272 | D:4      | Noticed Pikel
  3279 | D:4      | Killed Pikel
  3280 | D:4      | Reached skill level 8 in Polearms
  3280 | D:4      | Reached skill level 5 in Stealth
  3280 | D:4      | Reached XP level 8. HP: 36/60 MP: 8/8
  3625 | D:5      | Reached skill level 5 in Fighting
  4281 | D:5      | Reached XP level 9. HP: 72/72 MP: 9/9
  4286 | D:5      | Reached skill level 9 in Polearms
  4391 | D:6      | Noticed Blork the orc
  4399 | D:6      | Killed Blork the orc
  4400 | D:6      | Reached skill level 1 in Transmutations
  4490 | D:6      | Reached skill level 1 in Poison Magic
  4605 | D:6      | Reached skill level 1 in Spellcasting
  5101 | D:6      | Noticed Maggie
  5120 | D:6      | Killed Maggie
  5121 | D:6      | Reached skill level 1 in Hexes
  5233 | D:6      | Noticed Sigmund
  5236 | D:6      | Killed Sigmund
  5237 | D:6      | Reached skill level 10 in Polearms
  5542 | D:6      | Reached skill level 11 in Polearms
  5718 | Temple   | Entered the Ecumenical Temple
  6326 | D:7      | Reached XP level 10. HP: 71/79 MP: 13/13
  6330 | D:7      | Learned a level 3 spell: Confusing Touch
  6428 | D:7      | Reached skill level 12 in Polearms
  7081 | D:8      | Found a staircase to the Lair.
  7174 | D:8      | Reached *** piety under Ashenzari
  7210 | D:8      | Noticed a two-headed ogre
  7255 | D:8      | Killed a two-headed ogre
  7440 | D:8      | Noticed Gastronok
  7469 | D:8      | Killed Gastronok
  8075 | D:8      | Reached XP level 11. HP: 84/91 MP: 15/15
  8400 | D:8      | Reached skill level 5 in Transmutations
  8411 | D:8      | Reached **** piety under Ashenzari
  8614 | D:8      | Learned a level 5 spell: Yara's Violent Unravelling
  8758 | D:9      | Found a runed translucent door.
  8758 | D:9      | Noticed a wolf spider
  8771 | D:9      | Found a runed translucent gate.
  8777 | D:9      | Found the +9 staff of Olgreb {rPois∞}
  9005 | D:9      | Noticed a cyclops
  9608 | D:9      | Noticed a deep elf pyromancer
  9617 | D:9      | Killed a deep elf pyromancer
  9740 | D:9      | Reached skill level 13 in Polearms
  9958 | D:9      | Found a runed translucent gate.
  9958 | D:9      | Found a runed translucent gate.
  9960 | D:9      | Noticed a wolf spider
  9967 | D:9      | Found a runed translucent door.
 10046 | D:9      | Noticed Amaemon
 10062 | D:9      | Killed Amaemon
 10576 | D:10     | Entered Level 10 of the Dungeon
 10679 | D:10     | Learned a level 5 spell: Irradiate
 10855 | D:10     | Reached skill level 1 in Conjurations
 11626 | Lair:1   | Entered Level 1 of the Lair of Beasts
 11681 | Lair:1   | Noticed Urug
 11696 | Lair:1   | Killed Urug
 12004 | Lair:1   | Noticed a seven-headed hydra
 12013 | Lair:1   | Killed a seven-headed hydra
 12014 | Lair:1   | Reached XP level 12. HP: 74/100 MP: 2/18
 12436 | Lair:1   | Reached skill level 10 in Dodging
 12801 | Lair:1   | Reached skill level 10 in Transmutations
 13234 | Lair:1   | Reached skill level 5 in Hexes
 14361 | Lair:2   | Learned a level 4 spell: Fulminant Prism
 14374 | Lair:2   | Found a staircase to the Snake Pit.
 14572 | Lair:2   | Noticed a death yak
 14572 | Lair:2   | Noticed a death yak
 14573 | Lair:2   | Noticed a death yak
 14575 | Lair:2   | Noticed a death yak
 14575 | Lair:2   | Noticed a death yak
 14576 | Lair:2   | Noticed a death yak
 14576 | Lair:2   | Noticed a death yak
 14576 | Lair:2   | Noticed a death yak
 14577 | Lair:2   | Noticed a death yak
 14585 | Lair:2   | Killed a death yak
 14598 | Lair:2   | Killed a death yak
 14603 | Lair:2   | Killed a death yak
 14604 | Lair:2   | Reached skill level 14 in Polearms
 14605 | Lair:2   | Killed a death yak
 14606 | Lair:2   | Killed a death yak
 14607 | Lair:2   | Reached XP level 13. HP: 95/111 MP: 8/25
 14909 | Lair:2   | Reached skill level 5 in Spellcasting
 15387 | Lair:2   | Found a staircase to the Swamp.
 15544 | Lair:2   | Learned a level 3 spell: Ozocubu's Armour
 15552 | Lair:2   | Learned a level 7 spell: Enfeeble
 15857 | Lair:3   | Reached skill level 1 in Ice Magic
 16050 | Lair:3   | Reached skill level 10 in Fighting
 17656 | Lair:4   | Found a viscous altar of Jiyva.
 17657 | Lair:4   | Found a staircase to the Slime Pits.
 18461 | Lair:5   | Entered Level 5 of the Lair of Beasts
 18994 | Lair:5   | Reached skill level 10 in Hexes
 18994 | Lair:5   | Reached XP level 14. HP: 89/120 MP: 18/27
 19026 | Lair:5   | Noticed Kirke
 19119 | Lair:4   | Identified the cursed scarf of the Eye in the Sky {shadows,
                  | Alch, Bglg} (You found it on level 5 of the Dungeon)
 19119 | Lair:4   | Identified the cursed +0 hat "Prescient Doubts" {Will+,
                  | Self, Bglg} (You took it off Gastronok on level 8 of the
                  | Dungeon)
 19119 | Lair:4   | Identified the cursed +1 swamp dragon scales "Elysian
                  | Gloom" {rPois, Self, Melee} (You took it off Maggie on
                  | level 6 of the Dungeon)
 19119 | Lair:4   | Identified the cursed ring "Burden of Ashenzari" {Slay+4,
                  | Range, Melee} (You found it on level 1 of the Dungeon)
 19119 | Lair:4   | Identified the cursed ring of Ashenzari's Moon {Wiz, Self,
                  | Melee} (You found it on level 5 of the Dungeon)
 19359 | Lair:5   | Noticed Sonja
 19370 | Lair:5   | Killed Sonja
 20207 | Lair:5   | Noticed a sphinx
 20214 | Lair:5   | Killed Kirke
 20635 | Lair:5   | Noticed a dire elephant
 20863 | Lair:5   | Killed a dire elephant
 21055 | Lair:5   | Learned a level 4 spell: Dispel Undead
 21093 | Lair:5   | Reached skill level 1 in Necromancy
 21821 | D:11     | Noticed Erica
 21830 | D:11     | Killed Erica
 22649 | D:12     | Identified the amulet "Wocela" {Acrobat Str+3}
 23680 | D:12     | Reached XP level 15. HP: 76/126 MP: 2/28
 23688 | D:12     | Found Jeososih's Armour Shoppe.
 23689 | D:12     | Found a staircase to the Orcish Mines.
 23710 | D:12     | Bought a +0 pair of boots for 67 gold pieces
 24213 | D:12     | Gained mutation: You have hidden genetic defects.
                  | [mutagenic glow]
 24214 | D:12     | Lost mutation: You have hidden genetic defects. [potion of
                  | mutation]
 24214 | D:12     | Gained mutation: You sometimes lose your temper in combat.
                  | [potion of mutation]
 24703 | D:12     | Upgraded the game from 0.29.1 to 0.29.1-1-gd02db6906a
 25085 | Orc:1    | Entered Level 1 of the Orcish Mines
 25165 | Orc:1    | Found a shimmering altar of Xom.
 25607 | Orc:1    | Found Ycuos's Armour Shop.
 25778 | Orc:1    | Found Woam's Distillery.
 25785 | Orc:1    | Bought a potion of might for 44 gold pieces
 25785 | Orc:1    | Bought a potion of heal wounds for 55 gold pieces
 25785 | Orc:1    | Bought a potion of might for 44 gold pieces
 25785 | Orc:1    | Bought 2 potions of heal wounds for 110 gold pieces
 25785 | Orc:1    | Bought a potion of heal wounds for 55 gold pieces
 25785 | Orc:1    | Bought a potion of curing for 33 gold pieces
 25785 | Orc:1    | Bought a potion of curing for 33 gold pieces
 25785 | Orc:1    | Bought a potion of brilliance for 44 gold pieces
 25861 | Orc:1    | Found Ruci's Magic Scroll Boutique.
 25868 | Orc:1    | Bought 3 scrolls of blinking for 360 gold pieces
 25868 | Orc:1    | Bought a scroll of fear for 64 gold pieces
 25950 | Orc:2    | Entered Level 2 of the Orcish Mines
 25950 | Orc:2    | Found a staircase to the Elven Halls.
 26112 | Orc:2    | Found Sorobife's Assorted Antiques.
 26530 | Orc:2    | Found Huyl's Weapon Shop.
 27219 | Orc:2    | Found Acaduint's Jewellery Shoppe.
 27225 | Orc:2    | Bought the ring of Sin {rC+ Will+ rCorr} for 648 gold
                  | pieces
 27226 | Orc:2    | Found Caint's Magic Scroll Shoppe.
 27234 | Orc:2    | Reached skill level 5 in Ice Magic
 27235 | Orc:2    | Found Xaonikh's Antique Weapon Shop.
 27892 | Orc:1    | Bought a scroll of enchant armour for 120 gold pieces
 28078 | D:13     | Learned a level 2 spell: Wereblood
 28504 | D:13     | Identified the Quarto of Generative Silt
 31159 | D:14     | Reached skill level 15 in Polearms
 31422 | D:14     | Found a gate to the Vaults.
 32370 | D:14     | Reached XP level 16. HP: 83/136 MP: 24/30
 32639 | D:14     | Reached skill level 5 in Throwing
 32837 | D:14     | Learned a level 4 spell: Petrify
 33215 | D:15     | Entered Level 15 of the Dungeon
 33288 | D:15     | Identified the +1 halberd of Ingyttu {spect, Fly Stlth+}
 33298 | D:15     | Reached skill level 1 in Earth Magic
 33910 | D:15     | Found a staircase to the Depths.
 34463 | Swamp:1  | Entered Level 1 of the Swamp
 34466 | Swamp:1  | Identified the ring of Giygg {+Blink rPois rF+ Slay-5
                  | Stlth+}
 35309 | Swamp:1  | Noticed Jorgrun
 35322 | Swamp:1  | Killed Jorgrun
 35704 | Swamp:1  | Reached ***** piety under Ashenzari
 35861 | Swamp:1  | Found a transporter.
 35861 | Swamp:1  | Noticed ChrisAssaf's ghost (journeyman NaAr)
 35863 | Swamp:1  | Noticed a thorn hunter
 35870 | Swamp:1  | Found a transporter.
 35917 | Swamp:1  | Identified the ring "Seiclu Qeco" {rF+ Str+3 Int+6}
 36057 | Swamp:2  | Identified the +7 dire flail of Gallantry {drain, rC+
                  | Dex+6}
 37093 | Swamp:2  | Identified the +8 chain mail of Impermeability {rPois rN+
                  | Will- Dex+6}
 37267 | Swamp:2  | Learned a level 5 spell: Alistair's Intoxication
 38509 | Swamp:3  | Identified the +2 pair of boots "Sabbyr" {Rampage rF+ rC-
                  | rCorr}
 38643 | Swamp:3  | Reached XP level 17. HP: 69/144 MP: 17/33
 39045 | Swamp:4  | Entered Level 4 of the Swamp
 39061 | Swamp:4  | Found a runed translucent gate.
 39061 | Swamp:4  | Found a runed translucent gate.
 39061 | Swamp:4  | Found a runed translucent gate.
 39066 | Swamp:4  | Noticed turdburglar's ghost (adept DsGl)
 39525 | Swamp:4  | Reached skill level 15 in Hexes
 40081 | Swamp:4  | Noticed a tentacled monstrosity
 40092 | Swamp:4  | Killed a tentacled monstrosity
 41080 | Swamp:4  | Learned a level 3 spell: Dazzling Flash
 41515 | Swamp:4  | Noticed the 27-headed Lernaean hydra
 41529 | Swamp:4  | Killed the 27-headed Lernaean hydra
 41873 | Swamp:4  | Got a decaying rune of Zot
 42115 | Snake:1  | Entered Level 1 of the Snake Pit
 42151 | Snake:1  | Noticed Asterion
 42161 | Snake:1  | Noticed an Executioner
 42162 | Snake:1  | Killed Asterion
 43019 | Snake:1  | Reached skill level 5 in Armour
 43349 | Snake:1  | Gained mutation: Your body sometimes deteriorates upon
                  | taking damage. [mutagenic glow]
 44285 | Snake:2  | Reached XP level 18. HP: 148/155 MP: 32/36
 44765 | Snake:2  | Found a runed translucent door.
 44766 | Snake:2  | Noticed croobank's ghost (journeyman FeSu)
 45093 | Snake:2  | Killed croobank's ghost
 47275 | Snake:4  | Entered Level 4 of the Snake Pit
 47693 | Snake:4  | Noticed Vashnia
 48296 | Snake:4  | Killed Vashnia
 48577 | Snake:4  | Reached skill level 16 in Polearms
 49408 | Swamp:1  | Constricted to death by a shambling mangrove

Illustrated notes

Levels and vault maps discovered:
D:1:      grunt_arrival_lava_bath, layout_basic, shapermc_ecumenical_altar_gd
D:2:      layout_rooms
D:3:      layout_basic, elyvilon_altar_3, grunt_ministairs_2
D:4:      layout_basic, trog_three_pillars_becter, guppyfry_early_lair_pool,
          uniq_ijyb, uniq_pikel
D:5:      layout_cave_pools, minmay_fractal_squares_gapless_5
D:6:      layout_loops_ring, lemuel_temple_firewalk_b, uniq_maggie,
          uniq_sigmund, uniq_blork_the_orc
D:7:      layout_basic
D:8:      layout_loops_corners, dpeg_oklobed_lair, serial_rivers,
          chequers_serial_rivers_micro_b, chequers_serial_rivers_large_b,
          chequers_serial_rivers_micro_c, chequers_serial_rivers_small_b,
          chequers_serial_rivers_small_a, minmay_misc_feat_rows, uniq_gastronok
D:9:      minmay_curly_fans, layout_stronghold, chequers_avenue, minivault_25,
          minmay_guarded_unrand_staff_of_olgreb, uniq_amaemon
D:10:     layout_roguey
D:11:     layout_roguey, uniq_erica
D:12:     layout_irregular_city, orc_david_3, minmay_evil_grid
D:13:     fort_yaktaur, layout_loops_ring
D:14:     layout_cave_pods, hangedman_vaults_entry_quadrant_bands,
          infiniplex_staircase_pool_2
D:15:     grunt_enter_depths_hoard, layout_basic
Temple:   mainiacjoe_temple_cubbyholes
Lair:1:   kb_forest_paths, layout_regular_city, serial_bayou_pond_e, uniq_urug
Lair:2:   layout_chaotic_city, nicolae_swamp_entry_splash_gauntlet,
          minmay_snake_entry_spellcaster, grunt_forest_small_clearing_treed
Lair:3:   layout_cave_pods, serial_bayou_shore_a, lemuel_fruit_fields
Lair:4:   beast_lair_carwin_large_2, layout_regular_city,
          dpeg_slime_entry_enclosed, nzn_sisyphean_effort,
          infiniplex_staircase_pool
Lair:5:   grunt_lair_end_beastmaster, layout_cave_shapes, uniq_kirke, uniq_sonja
Swamp:1:  layout_falls_marsh, gammafunk_ghost_arena, hangedman_swamp_ruin_wall,
          uniq_jorgrun
Swamp:2:  layout_falls_marsh, evilmike_swamp_ruin_rubble_2
Swamp:3:  layout_falls_marsh, evilmike_swamp_ruin_house_4, swamp_pool3
Swamp:4:  swamp_old_school, layout_basic_swamp, gammafunk_ghost_necromancy,
          swamp_pool1, nicolae_swamp_feature_on_the_river_bank
Snake:1:  layout_basic, uniq_asterion
Snake:2:  layout_basic, gammafunk_ghost_grave
Snake:3:  layout_cave_town
Snake:4:  johnstein_snake_rune_scales, layout_chambers, uniq_vashnia
Orc:1:    layout_diamond_mine, serial_shops, shop, shop,
          nicolae_shop_behind_doors, basic_altar, mines2_david
Orc:2:    st_orc_elflike, layout_caves, serial_shops, shop, basic_altar,
          hellmonk_bongcloud_opening

Skill      XL: |  1  2  3  4  5  6  7  8  9 10 11 12 13 14 15 16 17 18 |
---------------+-------------------------------------------------------+-----
Stealth        | 1 2 3 5 6 7 9 |  9.0
Fighting       | 3 4 7 8 9 10 11 13 14 | 14.5
Polearms       | 5 6 8 11 12 13 14 15 16 | 16.3
Dodging        | 5 6 8 9 10 11 13 14 | 14.0
Throwing       | 3 4 7 |  7.4
Armour         | 2 3 4 5 |  5.7
Transmutations | 3 4 9 11 12 13 14 | 14.5
Poison Magic   | 2 3 4 |  4.1
Spellcasting   | 2 4 5 6 7 9 |  9.5
Hexes          | 2 4 6 10 13 14 15 | 15.6
Conjurations   | 3 4 |  4.9
Ice Magic      | 4 5 |  5.4
Necromancy     | 2 4 |  4.0
Earth Magic    | 1 |  1.0

Action                   |  1- 3 |  4- 6 |  7- 9 | 10-12 | 13-15 | 16-18 || total
-------------------------+-------+-------+-------+-------+-------+-------++-------
Melee: Trident           |    88 |   123 |   216 |       |   137 |    49 ||   613
       Punch             |       |     1 |     6 |       |       |       ||     7
       Halberd           |       |       |    44 |   544 |   886 |   887 ||  2361
       Tailslap          |       |       |       |     2 |    20 |       ||    22
       Unarmed           |       |       |       |       |    15 |       ||    15
       Long sword        |       |       |       |       |     7 |     5 ||    12
Throw: Boomerang         |     2 |    19 |    17 |    19 |     2 |       ||    59
       Throwing net      |       |     3 |     1 |     4 |       |       ||     8
       Javelin           |       |     1 |     1 |    11 |    15 |    99 ||   127
       Dart              |       |       |       |       |    19 |     3 ||    22
 Cast: Confusing Touch   |       |       |       |    32 |    53 |    73 ||   158
       Irradiate         |       |       |       |    11 |    60 |    41 ||   112
       Fulminant Prism   |       |       |       |     5 |    74 |    14 ||    93
       Ozocubu's Armour  |       |       |       |       |    25 |     5 ||    30
       Enfeeble          |       |       |       |       |    35 |    86 ||   121
       Yara's Violent Un |       |       |       |       |     5 |    13 ||    18
       Dispel Undead     |       |       |       |       |     4 |     2 ||     6
       Wereblood         |       |       |       |       |     2 |     2 ||     4
       Petrify           |       |       |       |       |       |     3 ||     3
       Dazzling Flash    |       |       |       |       |       |     6 ||     6
       Alistair's Intoxi |       |       |       |       |       |     4 ||     4
Invok: Curse Item        |     1 |     2 |     1 |     4 |     1 |     4 ||    13
       Shatter the Chain |       |       |       |     2 |     1 |     2 ||     5
Evoke: Wand              |       |       |     2 |     1 |    17 |     8 ||    28
       Box of beasts     |       |       |       |       |       |     1 ||     1
       Condenser vane    |       |       |       |       |       |     1 ||     1
  Use: Scroll            |       |     1 |     1 |     6 |    13 |     8 ||    29
       Potion            |       |       |     2 |     9 |    14 |    10 ||    35
 Stab: Distracted        |     1 |       |     1 |       |     2 |    15 ||    19
       Sleeping          |     1 |     7 |     7 |     9 |    14 |    21 ||    59
       Held in net/web   |       |       |     2 |     1 |       |       ||     3
       Confused          |       |       |       |    26 |    38 |    61 ||   125
       Invisible         |       |       |       |       |    23 |    51 ||    74
       Petrified         |       |       |       |       |     5 |       ||     5
       Petrifying        |       |       |       |       |     2 |       ||     2
Armor: Leather armour    |     3 |       |       |       |       |       ||     3
       Ring mail         |    11 |    19 |    41 |       |       |       ||    71
       Swamp dragon scal |       |       |    13 |    81 |   189 |    65 ||   348
       Chain mail        |       |       |       |       |       |   358 ||   358
Dodge: Dodged            |    37 |    44 |   118 |   234 |   569 |   732 ||  1734
Block: Other             |       |       |       |    78 |   166 |   205 ||   449
       Reflection        |       |       |       |     3 |    18 |    15 ||    36
       Buckler           |       |       |       |       |    42 |    12 ||    54
